Map: Efflorescence LE

Players

Kadlitox

  • Race: Protoss Protoss
  • Spawn Location: 3:00

Civoalv

  • Race: Zerg Zerg
  • Spawn Location: 12:00

Praise - Winner!

  • Race: Protoss Protoss
  • Spawn Location: 9:00

Shorty - Winner!

  • Race: Terran Terran
  • Spawn Location: 6:00

VOD

Have the link to the VOD?

Description

Time

  • Played on: Feb. 7, 2024, 5:15 p.m.
  • Length: 20:48
Show
View Real Time Build Order
Export as new Build Order

Kadlitox Protoss 

Build Orders: Cannon Rush 

Get SALT Encoding   

  12  0:12  Pylon  
  12  0:14  Probe (Chrono Boost)  
  13  0:26  Probe (Chrono Boost)  
  14  0:31  Probe (Chrono Boost)  
  15  0:39  Forge  
  15  0:49  Pylon  
  15  1:14  Photon Cannon  
  15  1:18  Photon Cannon  
  15  1:19  Probe  
  16  1:26  Pylon  
  16  1:42  Photon Cannon  
  16  1:50  Photon Cannon  
  16  2:29  Photon Cannon  
  16  2:43  Photon Cannon  
  16  2:52  Pylon  
  16  2:54  Probe  
  17  3:00  Pylon  
  17  3:03  Assimilator  
  17  3:08  Assimilator  
  17  3:13  Photon Cannon  
  17  3:17  Photon Cannon  
  17  3:29  Probe (Chrono Boost)  
  18  3:41  Probe (Chrono Boost)  
  19  3:45  Probe (Chrono Boost)  
  20  3:51  Gateway  
  20  3:52  Gateway  
  20  3:56  Probe  
  20  4:01  Photon Cannon  
  21  4:08  Probe  
  22  4:23  Photon Cannon  
  22  4:25  Probe  
  22  4:26  Photon Cannon  
  23  5:00  Cybernetics Core  
  23  5:07  Zealot x2  
  27  5:14  Pylon  
  27  5:25  Probe  
  28  5:36  Gateway  
  28  5:37  Probe  
  29  5:45  Zealot  
  29  5:46  Zealot  
  33  5:54  Shield Battery  
  33  6:01  Twilight Council  
  10  7:15  Pylon  
  9  7:26  Probe (Chrono Boost)  
  8  7:37  Probe (Chrono Boost)  
  8  7:42  Probe (Chrono Boost)  
  9  7:53  Probe  
  6  8:05  Probe  
  11  8:08  Pylon  
  9  8:36  Protoss Ground Armor Level 1  
  9  8:41  Pylon  
  7  9:23  Probe (Chrono Boost)  
  8  10:15  Pylon  
  7  11:39  Zealot  
  7  11:40  Zealot  
  7  11:48  Pylon  
  7  11:50  Probe (Chrono Boost)  
  8  11:59  Probe (Chrono Boost)  
  9  12:04  Probe (Chrono Boost)  
  9  12:07  Photon Cannon  
  6  12:43  Pylon  
  1  13:24  Nexus  
  1  14:44  Probe (Chrono Boost)  
  2  15:19  Probe  
  3  15:42  Probe  
  4  16:07  Probe  
  5  16:19  Probe  
  6  16:32  Probe (Chrono Boost)  
  7  16:44  Probe (Chrono Boost)  
  8  16:50  Probe (Chrono Boost)  
  9  17:03  Probe  
  10  17:09  Pylon  
Show
View Real Time Build Order
Export as new Build Order

Civoalv Zerg 

Build Orders: Pool First 

Get SALT Encoding   

  12  0:19  Spawning Pool  
  11  0:23  Drone  
  11  0:27  Drone  
  13  0:32  Extractor  
  13  0:35  Drone  
  13  0:41  Drone  
  14  0:50  Overlord  
  14  1:08  Queen  
  16  1:14  Zergling x2  
  16  1:16  Zergling x2  
  18  1:26  Drone  
  18  1:31  Zergling x2  
  20  1:40  Metabolic Boost  
  20  1:53  Overlord  
  20  1:56  Zergling x2  
  21  2:15  Zergling x2  
  21  2:16  Zergling x2  
  23  2:24  Zergling x6  
  23  2:27  Zergling x2  
  20  3:51  Drone x3  
  20  3:52  Drone x2  
  20  3:54  Lair  
  25  3:58  Spore Crawler  
  25  4:02  Hatchery  
  23  4:10  Evolution Chamber  
  23  4:16  Zergling x4  
  23  4:17  Evolution Chamber  
  23  4:53  Roach Warren, Zerg Ground Armor Level 1  
  23  4:55  Zerg Missile Weapons Level 1  
  22  5:03  Spine Crawler  
  22  5:04  Zergling x6  
  24  5:11  Overlord  
  24  5:32  Drone x3  
  24  5:35  Roach  
  29  5:40  Roach  
  31  5:54  Spine Crawler  
  29  5:57  Overlord  
  29  6:09  Overlord  
  25  6:29  Roach x3  
  25  6:30  Roach  
  30  6:56  Roach x4  
  28  7:39  Roach x3  
  28  7:40  Zerg Ground Armor Level 2  
  28  7:56  Roach  
  28  8:02  Zergling x4  
  28  8:03  Zergling x2  
  28  8:04  Queen  
  29  8:29  Roach x5  
  37  8:36  Drone x2  
  39  8:49  Roach x2  
  31  9:18  Drone x3  
  31  9:22  Zerg Missile Weapons Level 2  
  31  9:25  Roach x2  
  31  9:27  Zergling x2  
  33  9:59  Roach x3  
  35  10:05  Overlord x2  
  33  10:13  Spine Crawler  
  28  10:32  Roach x2  
  28  10:33  Roach x2  
  36  10:40  Spine Crawler  
  31  10:45  Spine Crawler  
  30  11:05  Roach x3  
  34  11:27  Queen  
  30  11:40  Hydralisk Den  
  25  11:57  Zergling x6  
  25  12:00  Zergling x2  
  27  12:04  Zergling x6  
  30  12:12  Zerg Melee Weapons Level 1  
  30  12:17  Zergling x2  
  30  12:21  Zergling x4  
  26  12:51  Zergling x4  
  26  12:52  Zergling x2  
  29  12:59  Roach x5  
  39  13:09  Roach  
  41  13:18  Roach  
  42  13:33  Spine Crawler  
  38  13:38  Spine Crawler  
  36  13:45  Drone x2  
  36  13:48  Spine Crawler  
  37  13:49  Drone  
  38  13:56  Drone  
  39  14:08  Drone x3  
  37  14:28  Roach x3  
  37  14:31  Overlord  
  41  14:41  Drone  
  41  14:42  Drone x4  
  30  15:05  Roach x3  
  36  15:07  Roach x3  
  42  15:16  Roach  
  42  15:18  Zergling x6  
  47  15:24  Extractor  
  44  15:28  Extractor  
  32  15:44  Spawning Pool  
  25  15:51  Spawning Pool  
  25  15:52  Drone x3  
  23  16:06  Spine Crawler  
  21  16:33  Zergling x2  
  21  16:34  Zergling x10  
  21  16:38  Queen  
  29  16:43  Spine Crawler  
  29  16:46  Spine Crawler  
  27  16:55  Spine Crawler  
  26  17:07  Drone x2  
  28  17:11  Drone  
  29  17:50  Drone x5  
  29  17:51  Drone  
  35  18:03  Zergling x2  
  36  18:09  Spine Crawler  
  35  18:13  Spine Crawler  
  35  18:18  Spine Crawler  
  31  18:23  Zergling x2  
  21  19:02  Zergling x6  
  24  19:03  Zergling x6  
  22  19:18  Zergling x6  
  22  19:19  Zergling x2  
  23  19:29  Zergling x2  
  14  19:45  Zergling x2  
  14  19:46  Zergling x2  
  14  19:52  Zergling x4  
  10  19:53  Zergling x2  
  5  20:07  Zergling x2  
  5  20:19  Zergling x2  
Show
View Real Time Build Order
Export as new Build Order

Praise Protoss - Winner!

Build Orders:  

Get SALT Encoding   

  12  0:00  Probe  
  13  0:12  Probe  
  14  0:19  Pylon  
  14  0:25  Probe  
  15  0:37  Probe  
  16  0:44  Gateway  
  16  0:49  Assimilator  
  16  0:50  Probe  
  17  1:03  Probe  
  18  1:15  Probe (Chrono Boost)  
  19  1:24  Probe (Chrono Boost)  
  20  1:34  Zealot (Chrono Boost)  
  22  1:40  Cybernetics Core  
  22  2:00  Gateway  
  22  2:11  Forge  
  21  2:17  Warp Gate (Chrono Boost)  
  21  2:18  Adept  
  23  2:29  Assimilator  
  23  2:37  Pylon  
  23  2:40  Pylon  
  23  2:46  Pylon  
  23  2:52  Photon Cannon  
  23  2:55  Probe, Shield Battery, Adept  
  26  3:05  Adept  
  28  3:07  Probe  
  29  3:19  Probe  
  30  3:29  Photon Cannon  
  30  3:32  Adept (Chrono Boost)  
  32  3:43  Gateway  
  32  4:04  Stalker  
  32  4:08  Stalker  
  36  4:30  Stalker  
  38  4:41  Stalker x2  
  40  5:02  Stalker  
  42  5:14  Stalker x2  
  46  5:43  Pylon  
  46  5:45  Pylon  
  46  5:49  Pylon  
  46  5:50  Pylon  
  46  5:54  Gateway  
  46  5:56  Gateway  
  46  5:59  Gateway  
  42  6:19  Stalker x2  
  38  6:57  Stalker x2  
  40  7:02  Stalker x3  
  44  7:14  Stalker  
  42  7:24  Robotics Facility  
  36  7:37  Stalker x3  
  36  7:38  Stalker x2  
  36  8:23  Stalker x6  
  46  8:49  Warp Prism  
  46  8:51  Stalker  
  34  9:47  Nexus  
  34  9:50  Pylon  
  30  10:00  Stalker  
  28  10:30  Stalker x2  
  28  11:15  Stalker x2  
  28  11:16  Stalker x2  
  32  11:34  Stalker  
  34  11:41  Probe  
  33  11:53  Probe  
  32  11:56  Stalker  
  34  12:05  Probe  
  35  12:09  Stalker x2  
  39  12:17  Probe  
  40  12:36  Stalker x4  
  46  12:56  Stalker x2  
  50  13:13  Stalker  
  50  13:14  Stalker x2  
  56  13:31  Stalker x2  
  56  13:32  Stalker  
  58  13:47  Stalker x2  
  62  13:52  Probe x2  
  64  14:02  Stalker x2  
  64  14:25  Stalker x2  
  64  14:26  Stalker  
  64  14:27  Zealot  
  54  15:02  Stalker  
  54  15:03  Stalker x4  
  58  15:30  Stalker x4  
  62  15:50  Stalker x2  
  62  15:56  Probe x2  
  51  16:26  Stalker x3  
  51  16:27  Stalker x2  
  61  16:50  Zealot  
Show
View Real Time Build Order
Export as new Build Order

Shorty Terran - Winner!

Build Orders:  

Get SALT Encoding   

  13  0:07  SCV  
  13  0:19  SCV  
  14  0:22  Supply Depot  
  14  0:26  Refinery  
  14  0:31  SCV  
  15  0:45  Barracks  
  15  0:46  SCV  
  16  1:11  SCV  
  17  1:23  SCV  
  18  1:35  Barracks Reactor, SCV  
  18  1:36  Supply Depot  
  19  1:41  Marine  
  20  1:47  Factory  
  20  1:52  SCV  
  21  1:59  Marine  
  22  2:12  SCV  
  22  2:15  Barracks  
  22  2:17  Marine  
  23  2:30  Supply Depot  
  23  2:32  Factory Tech Lab  
  23  2:34  Marine  
  24  2:38  Refinery  
  24  2:39  SCV  
  21  2:52  Marine  
  21  3:07  Siege Tank  
  21  3:08  Supply Depot  
Tags
 
Add a new tag
Caveats
  • Supply blocks, unpowered buildings, or Contaminate may cause inaccurate times.
  • Supply counts are checked every 10 seconds.